 Dungeon Crawl Stone Soup version 0.30.1-9-gdf580d7c3d (webtiles) character file.

Game seed: 149132037859713762

457 Ekaitz the Gusty (level 7, -2/40 HPs)
             Began as a Tengu Air Elementalist on Oct 13, 2023.
             Slain by Sigmund
             ... wielding a +0 scythe
              (6 damage)
             ... on level 5 of the Dungeon.
             The game lasted 00:08:04 (2875 turns).

Ekaitz the Gusty (Tengu Air Elementalist)           Turns: 2875, Time: 00:08:04

Health: -2/40      AC:  3    Str:  8    XL:     7   Next: 6%
Magic:  10/12      EV: 16    Int: 18    God:
Gold:   241        SH:  0    Dex: 20    Spells: 1/11 levels left

rFire   . . .        v - staff of air
rCold   . . .        (no shield)
rNeg    . . .        a - +0 robe
rPois   .            (helmet restricted)
rElec   +            (no cloak)
rCorr   .            r - +0 pair of gloves
SInv    .            (boots unavailable)
Will    .....        d - amulet of magic regeneration
Stlth   ++           t - +6 ring of dexterity
HPRegen 0.26/turn    o - +4 ring of slaying
MPRegen 0.53/turn

%: no passive effects
@: brilliant, flying quickly and evasively, quick
A: beak, talons 3, nimble flight
a: no special abilities


You were on level 5 of the Dungeon.
You visited 1 branch of the dungeon, and saw 5 of its levels.

You collected 241 gold pieces.

Inventory:

Hand Weapons
 g - a +1 dagger of venom
 w - a +0 dagger of draining
Missiles
 y - 4 datura-tipped darts
Armour
 a - a +0 robe (worn)
 e - an orb of guile
 r - a +0 pair of gloves (worn)
Magical Staves
 s - a staff of poison
 v - a staff of air (weapon)
Jewellery
 d - an amulet of magic regeneration (around neck)
 f - a ring of willpower
 o - a +4 ring of slaying (right hand)
 t - a +6 ring of dexterity (left hand)
Wands
 l - a wand of iceblast (6)
Scrolls
 h - 3 scrolls of teleportation {unknown}
 k - 2 scrolls of torment {unknown}
 m - 4 scrolls of identify {unknown}
 n - a scroll of blinking {unknown}
 q - a scroll of immolation {unknown}
 u - a scroll of fear {unknown}
 x - a scroll of vulnerability {unknown}
 z - a scroll of enchant armour {unknown}
 A - a scroll of poison {unknown}
Potions
 b - 2 potions of magic
 c - a potion of degeneration {unknown}
 i - 3 potions of brilliance
 j - a potion of curing {unknown}
 p - a potion of mutation {unknown}
 B - 2 potions of lignification {unknown}


   Skills:
 * Level 2.6 Fighting
 + Level 0.9 Short Blades
 * Level 3.1 Dodging
 + Level 2.5 Stealth
 + Level 2.9 Spellcasting
 * Level 4.5 Conjurations
 * Level 6.1 Air Magic
 * Level 1.4 Evocations


You had one spell level left.
You knew the following spells:

 Your Spells              Type           Power      Damage    Failure   Level
a - Shock                 Conj/Air       100%       1d9       1%          1
b - Static Discharge      Conj/Air       98%        2-7/arc   2%          2
c - Swiftness             Air            54%        N/A       4%          3
d - Airstrike             Air            27%        2d(4-20)  13%         4

Your spell library contained the following spells:

 Spells                   Type           Power      Damage    Failure   Level
 Tukima's Dance           Hex            3%         N/A       45%         3
 Passage of Golubria      Tloc           3%         N/A       86%         4
 Yara's Violent Unravell  Hex/Tmut       1%         3d3       99%         5


Dungeon Overview and Level Annotations

Branches:
Dungeon (5/15)
 Temple: D:4-7

Altars:
Elyvilon
Kikubaaqudgha
Makhleb
Trog
Xom
The Shining One

Shops:
D:3 (   D:5 (

Annotations:
D:5 Sigmund


Innate Abilities, Weirdness & Mutations

You have a beak for a mouth.
You have claws for feet.
Your magical nature lets you fly swiftly and evasively.


Message History

You bump into the closed door.
The ufetubus barely misses you. The ufetubus closely misses you.
Something hits you!
Unknown command.
You miss the ufetubus. The ufetubus barely misses you.
The ufetubus completely misses you. The ufetubus barely misses you.
The ufetubus closely misses you.
Unknown command.
You bump into the rock wall.
You feel less confused. Something hits you. The ufetubus misses you.
The ufetubus barely misses you.
Unknown command.
Casting: Shock (safe; 1% risk of failure)
Confirm with . or Enter, or press ? or * to list all spells.
You feel a surge of power!
The ufetubus is struck by an arc of lightning.
The ufetubus is heavily wounded.
Something is struck by an arc of lightning.
The lightning grounds out.
The ufetubus hits you. The ufetubus barely misses you. The ufetubus hits you.
* * * LOW HITPOINT WARNING * * *
The ufetubus hits you but does no damage.
Something hits you but does no damage.
Unknown command.
Casting: Static Discharge (safe; 2% risk of failure)
Confirm with . or Enter, or press ? or * to list all spells.
You feel a surge of power!
The ufetubus is struck by an arc of lightning.
You kill the ufetubus!
Something is struck by an arc of lightning.
Unknown command.
Something hits you!
* * * LOW HITPOINT WARNING * * *
Unknown command.
Casting: Static Discharge (safe; 2% risk of failure)
Confirm with . or Enter, or press ? or * to list all spells.
Okay, then.
It was a potion of brilliance.
You feel clever all of a sudden. Something hits you.
You die...

#...# ....... #[..# ....... #...#
....... #...# ....... #...#
#.......# #...# †..
###.......#+## #...# ....
#............###...##...∩.
#..........@.#............
#............#.......#)...
#............+.......## .@
#............#...........
.#+###............#'##'#########+
..........####'#.................
..........#....+.................
..........#....#.................
..........#....#..<..............


There were no monsters in sight!

Vanquished Creatures
  A phantom (D:5)
  A scorpion (D:5)
  A jelly (D:4)
  2 hounds
  Jessica (D:2)
  9 adders
  A shadow imp (D:5)
  An ufetubus (D:5)
  An adder zombie (D:2)
  3 adder skeletons (D:2)
  5 worms
  3 dart slugs
  4 orcs (D:3)
  7 ball pythons
  6 bats
  4 endoplasms
  2 giant cockroaches
  9 goblins
  4 hobgoblins
  7 kobolds
  2 quokkas
  A ball python skeleton (D:2)
  A frilled lizard (D:2)
  6 rats
82 creatures vanquished.

Notes
Turn   | Place    | Note
-------+----------+-------------------------------------------
     0 | D:1      | Ekaitz the Tengu Air Elementalist began the quest for the
                  | Orb.
     0 | D:1      | Reached XP level 1. HP: 10/10 MP: 4/4
   279 | D:1      | Reached XP level 2. HP: 16/16 MP: 4/6
   852 | D:2      | Reached XP level 3. HP: 17/20 MP: 4/7
   855 | D:2      | Learned a level 2 spell: Static Discharge
   859 | D:2      | Learned a level 3 spell: Swiftness
   920 | D:2      | Noticed Jessica
   925 | D:2      | Killed Jessica
   926 | D:2      | Reached skill level 1 in Fighting
   991 | D:2      | Reached skill level 5 in Air Magic
   991 | D:2      | Reached XP level 4. HP: 25/25 MP: 6/8
  1565 | D:3      | Gained mutation: Your magical nature lets you fly swiftly
                  | and evasively. [Tengu growth]
  1565 | D:3      | Reached XP level 5. HP: 29/29 MP: 4/9
  1568 | D:3      | Found Sankeur's Weapon Shoppe.
  1739 | D:3      | You are sucked into a shaft and drop 2 floors!
  1739 | D:5      | Entered Level 5 of the Dungeon
  1743 | D:5      | Noticed a phantom
  1752 | D:5      | Killed a phantom
  1782 | D:5      | Reached XP level 6. HP: 32/35 MP: 7/10
  1840 | D:4      | Learned a level 4 spell: Airstrike
  2040 | D:3      | Reached skill level 1 in Evocations
  2231 | D:3      | Found an ancient bone altar of Kikubaaqudgha.
  2386 | D:4      | Reached skill level 6 in Air Magic
  2721 | D:5      | Found a bloodstained altar of Trog.
  2724 | D:5      | Found a white marble altar of Elyvilon.
  2726 | D:5      | Found a shimmering altar of Xom.
  2729 | D:5      | Found a burning altar of Makhleb.
  2730 | D:5      | Found a glowing golden altar of the Shining One.
  2794 | D:5      | Reached XP level 7. HP: 40/40 MP: 9/12
  2812 | D:5      | Found Camaf's Weapon Shop.
  2813 | D:5      | Noticed Sigmund
  2875 | D:5      | Slain by Sigmund

Illustrated notes

Levels and vault maps discovered:
D:1:      onia_arrival_pentagram, layout_basic, minivault_19,
          hangedman_decor_clover_reticule, dk_noncrumbling_4, corner_web_ring,
          st_stairs_9
D:2:      layout_loops_cross, serial_undead, serial_undead_c, serial_undead_b,
          serial_undead_c, serial_undead_d, serial_undead_c,
          minmay_misc_feat_roman, minmay_cut_off, uniq_jessica
D:3:      minmay_chambers_of_threes, layout_rooms,
          mainiacjoe_overflow_cross_hatched, serial_shops, shop
D:4:      layout_cave_pools, due_unseen_surprise
D:5:      layout_gridville, minitemple, serial_shops,
          nicolae_shop_bloodbath_and_beyond, uniq_sigmund

Skill      XL: |  1  2  3  4  5  6 |
---------------+-------------------+-----
Fighting       | 1 2 |  2.6
Conjurations   | 2 3 4 |  4.5
Air Magic      | 5 6 |  6.1
Evocations     | 1 |  1.4
Dodging        | 3 |  3.1
Short Blades   | |  0.9
Stealth        | |  2.5
Spellcasting   | |  2.9

Action                     |  1- 3 |  4- 6 |  7- 9 || total
---------------------------+-------+-------+-------++-------
  Melee: Dagger            |     7 |    16 |       ||    23
         Kick              |     1 |     5 |       ||     6
         Peck              |       |     2 |       ||     2
         Staff             |       |     1 |     2 ||     3
   Cast: Shock             |    43 |   102 |     6 ||   151
         Swiftness         |     1 |       |       ||     1
         Static Discharge  |       |     7 |     2 ||     9
         Airstrike         |       |     1 |       ||     1
    Use: Potion            |       |       |     1 ||     1
   Stab: Sleeping          |     2 |     4 |       ||     6
 Armour: Robe              |     1 |     4 |     6 ||    11
  Dodge: Dodged            |    14 |    12 |    36 ||    62
